 Dungeon Crawl Stone Soup version 0.27.1-1-g398f81649c (webtiles) character file.

Game seed: 8068868222620337978

1276 ZARRMARR the Sneak (level 8, -6/54 HPs)
             Began as an Octopode Conjurer on Sept 6, 2021.
             Mangled by an ice beast (13 damage)
             ... on level 6 of the Dungeon.
             The game lasted 00:18:19 (6368 turns).

ZARRMARR the Sneak (Octopode Conjurer)              Turns: 6368, Time: 00:18:19

Health: -6/54      AC:  1    Str:  7    XL:     8   Next: 54%
Magic:  12/23      EV: 14    Int: 22    God:
Gold:   206        SH:  0    Dex: 10    Spells: 13/16 levels left

rFire    . . .     SeeInvis .   (no weapon)
rCold    . . .     Faith    .   (no shield)
rNeg     . . .     Spirit   .   (helmet restricted)
rPois    .         Reflect  .   (no amulet)
rElec    .         Harm     .   h - ring of magical power
rCorr    +         Rampage  .   m - ring of resist corrosion
Will     .....                  (no ring)
Stlth    ++++......             (no ring)
HPRegen  0.18/turn              (no ring)
MPRegen  0.18/turn              (no ring)
                                (no ring)
                                (no ring)

@: no status effects
A: almost no armour, amphibious, 8 rings, camouflage 1, gelatinous body 1,
(nimble swimmer 1), tentacles
a: no special abilities


You were on level 6 of the Dungeon.
You visited 1 branch of the dungeon, and saw 6 of its levels.

You collected 255 gold pieces.
You spent 49 gold pieces at shops.

Inventory:

Armour
 a - a +0 tower shield
Jewellery
 h - a ring of magical power (left tentacle)
 m - a ring of resist corrosion (right tentacle)
Wands
 l - a wand of flame (13)
 r - a wand of iceblast (5)
Scrolls
 b - 3 scrolls of teleportation
 c - a scroll of vulnerability {unknown}
 e - a scroll of fear
 i - 2 scrolls of fog
 p - a scroll of magic mapping {unknown}
 q - a scroll of blinking {unknown}
 s - a scroll of holy word {unknown}
 u - a scroll of acquirement {unknown}
Potions
 d - 4 potions of mutation {unknown}
 f - a potion of brilliance {unknown}
 g - 2 potions of might {unknown}
 j - a potion of lignification {unknown}
 k - 2 potions of berserk rage {unknown}
 n - a potion of invisibility {unknown}
 o - a potion of curing {unknown}
 t - a potion of flight {unknown}


   Skills:
 + Level 4.2 Fighting
 + Level 4.9 Dodging
 + Level 6.9 Stealth
 + Level 4.1 Shields
 + Level 4.5 Spellcasting
 - Level 4.0 Conjurations


You had 13 spell levels left.
You knew the following spells:

 Your Spells              Type           Power      Damage    Failure   Level
a - Magic Dart            Conj           88%        1d7       1%          1
b - Searing Ray           Conj           44%        3d4       3%          2

Your spell library contained the following spells:

 Spells                   Type           Power      Damage    Failure   Level
 Dazzling Flash           Conj/Hex       26%        N/A       14%         3
 Slow                     Hex            4%         N/A       16%         2
 Confusing Touch          Hex            4%         N/A       32%         3
 Fulminant Prism          Conj/Hex       6%         3d7       43%         4
 Iskenderun's Mystic Bla  Conj/Tloc      13%        2d5       43%         4
 Yara's Violent Unravell  Hex/Tmut       2%         3d3       96%         5


Dungeon Overview and Level Annotations

Branches:
Dungeon (6/15)
 Temple: D:4-7

Altars:
Fedhas
Gozag
Qazlal
Ru
Trog
Wu Jian
Xom

Shops:
D:1 *   D:4 =


Innate Abilities, Weirdness & Mutations

You cannot wear most types of armour.
You are amphibious.
You can wear up to eight rings at the same time.
Your skin changes colour to match your surroundings (Stealth+).
Your rubbery body absorbs attacks. (AC +1, EV +1)
((You are camouflaged near water. (Stealth+)))
You have tentacles for arms and can constrict up to eight enemies at once.


Message History

Aiming: Magic Dart (safe; 1% risk of failure)
Press: ? - help, Shift-Dir - straight line, f/p - ice beast
Aim: an ice beast (lightly wounded, 100% to hit)
The magic dart hits the ice beast but does no damage.
The ice beast is lightly wounded.
Casting: Magic Dart (safe; 1% risk of failure)
Confirm with . or Enter, or press ? or * to list all spells.
Aiming: Searing Ray (safe; 3% risk of failure)
Press: ? - help, Shift-Dir - straight line, f/p - ice beast
Aim: an ice beast (lightly wounded, 78% to hit)
The searing ray hits the ice beast.
The ice beast is moderately wounded. (Press . to maintain the ray.)
The searing ray misses the ice beast.
The searing ray hits the ice beast.
The ice beast is moderately wounded.
The searing ray misses the ice beast.
You finish channeling your searing ray.
The ice beast hits you. The ice beast freezes you!
Unknown command.
Casting: Searing Ray (safe; 3% risk of failure)
Confirm with . or Enter, or press ? or * to list all spells.
Aiming: Searing Ray (safe; 3% risk of failure)
Press: ? - help, Shift-Dir - straight line, f/p - ice beast
Aim: an ice beast (moderately wounded, 78% to hit)
The searing ray hits the ice beast.
The ice beast is heavily wounded. (Press . to maintain the ray.)
The ice beast hits you. The ice beast freezes you!
The searing ray hits the ice beast.
The ice beast is severely wounded.
The ice beast misses you.
The searing ray misses the ice beast.
The ice beast hits you. The ice beast freezes you!
* * * LOW HITPOINT WARNING * * *
The searing ray hits the ice beast.
The ice beast is almost dead.
You finish channeling your searing ray.
The ice beast hits you.
* * * LOW HITPOINT WARNING * * *
The ice beast freezes you!
You die...

#+##
#..##
#.@.#
#.Y..#
#.....#
#.....+
......#
.....(##
.....##
##...##


You could see an ice beast.

Vanquished Creatures
  2 sky beasts (D:5)
  A black bear (D:5)
  2 ogres
  3 scorpions (D:5)
  A water moccasin skeleton (D:5)
  An orc priest (D:5)
  2 centaur skeletons
  4 hounds
  A jelly (D:5)
  An iguana (D:5)
  Natasha (thrice) (D:4)
  4 orc wizards
  8 adders
  2 white imps
  A worm (D:4)
  2 dart slugs
  11 orcs
  2 bats
  6 endoplasms
  15 goblins
  11 hobgoblins
  4 ball pythons
  7 frilled lizards
  5 kobolds
  4 rats
103 creatures vanquished.

Notes
Turn   | Place    | Note
-------+----------+-------------------------------------------
     0 | D:1      | ZARRMARR the Octopode Conjurer began the quest for the Orb.
     0 | D:1      | Reached XP level 1. HP: 11/11 MP: 3/3
   161 | D:1      | Reached skill level 3 in Stealth
   313 | D:1      | Reached XP level 2. HP: 17/18 MP: 0/5
   543 | D:1      | Found Kemp's General Store.
   851 | D:1      | Bought a scroll of fear for 49 gold pieces
   895 | D:2      | Learned a level 2 spell: Searing Ray
  1296 | D:2      | Reached skill level 1 in Fighting
  1582 | D:2      | Reached XP level 3. HP: 23/23 MP: 6/6
  1887 | D:2      | Found a faded altar of an unknown god.
  2166 | D:3      | Reached skill level 1 in Shields
  2166 | D:3      | Reached XP level 4. HP: 28/28 MP: 7/7
  2222 | D:3      | You fall into a shaft and drop 1 floor!
  2458 | D:3      | Reached skill level 4 in Stealth
  2740 | D:3      | Reached XP level 5. HP: 34/34 MP: 9/9
  3069 | D:3      | Noticed an ogre
  3076 | D:3      | Killed an ogre
  3077 | D:3      | Reached XP level 6. HP: 39/39 MP: 10/10
  3918 | D:4      | Noticed Natasha
  3922 | D:4      | Killed Natasha
  3983 | D:4      | Noticed Natasha
  3986 | D:4      | Killed Natasha
  3987 | D:4      | Reached skill level 5 in Stealth
  4034 | D:4      | Noticed Natasha
  4041 | D:4      | Killed Natasha
  4042 | D:4      | Reached XP level 7. HP: 36/45 MP: 6/12
  4200 | D:4      | Found a blossoming altar of Fedhas.
  4203 | D:4      | Found a sacrificial altar of Ru.
  4203 | D:4      | Found an ornate altar of the Wu Jian Council.
  4212 | D:4      | Found a stormy altar of Qazlal.
  4215 | D:4      | Found a shimmering altar of Xom.
  4279 | D:4      | Found Puudafasch's Jewellery Emporium.
  4443 | D:4      | Found an opulent altar of Gozag.
  4532 | D:5      | Entered Level 5 of the Dungeon
  4919 | D:5      | Reached skill level 6 in Stealth
  4963 | D:5      | Reached XP level 8. HP: 54/54 MP: 10/14
  5217 | D:5      | Found a bloodstained altar of Trog.
  6042 | D:5      | Found a bloodstained altar of Trog.
  6368 | D:6      | Mangled by an ice beast

Illustrated notes

Levels and vault maps discovered:
D:1:      minmay_arrival_hallway, layout_loops_ring, serial_shops,
          nicolae_shop_trees, minmay_tall_x
D:2:      layout_loops_corners, ebering_ecumenical_altar_webs, minivault_5
D:3:      layout_basic, minmay_ogre_servants
D:4:      layout_cave_pools, minmay_overflow_temple_star_hex, kennysheep_mini,
          serial_shops, shop, uniq_natasha
D:5:      layout_cave_pools, mainiacjoe_overflow_concentric_impassable,
          hangedman_abyss_or_decor_lesser_grid, st_stairs_2
D:6:      layout_loops_corners, temple_doors_e, portal_sewer_entry_b

Skill      XL: |  1  2  3  4  5  6  7  8 |
---------------+-------------------------+-----
Stealth        | 3 4 5 6 |  6.9
Fighting       | 1 2 3 4 |  4.2
Shields        | 1 2 3 4 |  4.1
Dodging        | 3 4 |  4.9
Spellcasting   | 3 4 |  4.5
Conjurations   | |  4.0

Action                   |  1- 3 |  4- 6 |  7- 9 || total
-------------------------+-------+-------+-------++-------
Melee: Unarmed           |    22 |       |       ||    22
       Constrict         |     5 |       |       ||     5
       Tentacles         |     3 |       |       ||     3
 Cast: Magic Dart        |    35 |    36 |    39 ||   110
       Searing Ray       |     8 |    30 |    31 ||    69
  Use: Scroll            |     1 |       |     1 ||     2
Armor: Skin              |     1 |       |       ||     1
Dodge: Dodged            |    14 |     9 |    12 ||    35
Block: Tower shield      |     1 |       |       ||     1
